 Dungeon Crawl Stone Soup version 0.30.1-11-g7821555f0a (webtiles) character file.

Game seed: 13911055065622677171

48 tezkier the Ducker (level 4, 0/31 HPs)
             Began as a Djinni Fire Elementalist on Jan 5, 2024.
             Slain by a polar bear (3 damage)
             ... created by the rage of Trog
             ... on level 2 of the Dungeon.
             The game lasted 00:24:43 (1456 turns).

tezkier the Ducker (Djinni Fire Elementalist)       Turns: 1456, Time: 00:24:43

Health: 0/31       AC:  4    Str:  6    XL:     4   Next: 0%
Gold:   132        EV: 13    Int: 22    God:
                   SH:  0    Dex: 13

rFire   + + .        (no weapon)
rCold   x . .        (no shield)
rNeg    . . .        a - +0 robe
rPois   ∞            (no helmet)
rElec   .            i - +0 cloak
rCorr   .            l - +0 pair of gloves
SInv    .            (boots unavailable)
Will    .....        (no amulet)
Stlth   ++           (no ring)
HPRegen 0.25/turn    (no ring)
MPRegen 0.00/turn

%: infuse magic (-1 HP)
@: about to teleport, flying
A: sickness immunity, fire resistance 2, cold vulnerability 1, float, innate
caster, HP casting, extra vitality 1, clever 1, wild magic 1
a: no special abilities


You were on level 2 of the Dungeon.
You visited 1 branch of the dungeon, and saw 2 of its levels.

You collected 132 gold pieces.

Inventory:

Hand Weapons
 c - a +2 hand axe of electrocution
 n - a +1 dagger of venom
Missiles
 h - 19 stones
 j - 6 curare-tipped darts
Armour
 a - a +0 robe (worn)
 e - a +0 robe
 i - a +0 cloak (worn)
 l - a +0 pair of gloves (worn)
Scrolls
 d - a scroll of immolation
 g - 2 scrolls of identify
 m - a scroll of noise
Potions
 b - a potion of curing
 f - 2 potions of attraction
 o - 2 potions of degeneration {unknown}


   Skills:
 + Level 3.1 Dodging
 + Level 2.2 Stealth
 - Level 2.9 Spellcasting


You knew the following spells:

 Your Spells              Type           Power      Damage    Failure   Level
a - Foxfire               Conj/Fire      84%        2x1d8     6%          1
b - Scorch                Fire           42%        2d6       9%          2
c - Volatile Blastmotes   Fire/Tloc      42%        2d13      16%         3
d - Inner Flame           Hex/Fire       21%        N/A       16%         3
e - Flame Wave            Conj/Fire      21%        2d8       45%         4
f - Summon Small Mammal   Summ           84%        N/A       6%          1
Your spell library was empty.

Dungeon Overview and Level Annotations

Branches:
Dungeon (2/15)

Altars:
Trog


Innate Abilities, Weirdness & Mutations

You are immune to sickness and miasma.
You are immune to poison.
Your flesh is very heat resistant. (rF++)
You are vulnerable to cold. (rC-)
You float through the air rather than walking.
You learn spells naturally, not from books.
Your magical power is your life essence.
You have superior vitality. (+4 MHP)
Your mind is acute. (Int +4, Str/Dex -1)
Your spells are a little harder to cast, but a little more powerful.


Message History

Casting: Summon Small Mammal (safe; 6% risk of failure)
Press: ? - help, Q - select action, (/) - cycle Dir - look around, f - activate
Casting: Summon Small Mammal (safe; 6% risk of failure)
Press: ? - help, Q - select action, (/) - cycle Dir - look around, f - activate The ball python hisses angrily.
Casting: Foxfire (safe; 6% risk of failure)
Press: ? - help, Q - select action, (/) - cycle Dir - look around, f - activate You conjure some foxfire!
Your rat barely misses the ball python.
The ball python bites your rat. The ball python grabs your rat.
The ball python constricts your rat.
Your rat bites the ball python.
The ball python closely misses your rat.
The ball python constricts your rat.
Your rat dies!
Your rat's corpse disappears in a puff of smoke!
The foxfire hits the ball python.
You kill the ball python!
You have reached level 4!
You feel agile.
Your foxfire dissipates!
You swap places.
Found a stone staircase leading down.
Trog sends monsters to punish you. 2 polar bears and 2 black bears come into view.
Okay, then.
As you read the scroll of teleportation, it crumbles to dust.
You feel strangely unstable.
Your quokka barely misses the black bear.
The polar bear bites you!!
Ouch! That really hurt!
The polar bear claws you.
* * * LOW HITPOINT WARNING * * *
The polar bear closely misses you. The black bear closely misses you.
The black bear claws you.
* * * LOW HITPOINT WARNING * * *
The black bear claws you but does no damage.
The black bear misses your quokka. x2
The black bear barely misses your quokka.
The polar bear closely misses you. The polar bear claws you.
You die...

####.####### #....####
#..# #.#[....# #...
##.#..###### ..##
............ ...
####..###.## ##.##
####..###.####...
...#......##.#.h####.#
####...........r@h.$.#
####...##.##..hh.>...#
##.....#.........#......
##.##..##.##.########...
##.##..##.##...# ..
#......##.##.#.###.##..#.
#......#.....#..........
#.###..#.....#####.##...
#.###..#.###............


You could see 2 polar bears, 2 black bears and a friendly quokka (summoned).

Vanquished Creatures
  An adder (D:2)
  A dart slug (D:2)
  4 ball pythons
  8 endoplasms
  4 giant cockroaches
  2 goblins (D:2)
  2 hobgoblins (D:2)
  2 kobolds (D:2)
  A quokka (D:1)
  4 bats
  2 frilled lizards
31 creatures vanquished.

Vanquished Creatures (collateral kills)
  A ball python (D:2)
1 creature vanquished.

Vanquished Creatures (others)
  44 foxfires
44 creatures vanquished.

Grand Total: 76 creatures vanquished

Notes
Turn   | Place    | Note
-------+----------+-------------------------------------------
     0 | D:1      | tezkier the Djinni Fire Elementalist began the quest for
                  | the Orb.
     0 | D:1      | tezkier set off with the following spells memorised:
                  | Foxfire, Scorch, Volatile Blastmotes, Inner Flame, Flame
                  | Wave.
     0 | D:1      | Reached XP level 1. HP: 15/15 MP: 0/0
   326 | D:1      | Reached XP level 2. HP: 20/21 MP: 0/0
   346 | D:1      | Gained mutation: Your spells are a little harder to cast,
                  | but a little more powerful. [potion of mutation]
   346 | D:1      | Gained mutation: Your mind is acute. (Int +4, Str/Dex -1)
                  | [potion of mutation]
   666 | D:1      | Found a faded altar of an unknown god.
   795 | D:1      | Prayed at the altar of an unknown god.
   795 | D:1      | Became a worshipper of Trog the Wrathful
   795 | D:1      | Reached * piety under Trog
   853 | D:2      | Was placed under penance by Trog
   856 | D:2      | Fell from the grace of Trog
   965 | D:2      | Reached XP level 3. HP: 21/25 MP: 0/0
   965 | D:2      | Learned a level 1 spell: Summon Small Mammal
  1034 | D:2      | Reached skill level 3 in Dodging
  1440 | D:2      | Reached XP level 4. HP: 30/31 MP: 0/0
  1455 | D:2      | Noticed a polar bear
  1455 | D:2      | Noticed a black bear
  1455 | D:2      | Noticed a polar bear
  1455 | D:2      | Noticed a black bear
  1456 | D:2      | Slain by a polar bear

Illustrated notes

Levels and vault maps discovered:
D:1:      shiori_shiawase, layout_rooms, hellmonk_ecumenical_altar_inner_sanctum
D:2:      layout_basic, minmay_fractal_squares_5

Skill      XL: |  1  2  3 |
---------------+----------+-----
Stealth        | 2 |  2.2
Dodging        | 3 |  3.1
Spellcasting   | |  2.9

Action                     |  1- 3 |  4- 6 || total
---------------------------+-------+-------++-------
   Cast: Foxfire           |    31 |       ||    31
         Scorch            |    22 |       ||    22
         Summon Small Mamm |    14 |       ||    14
 Invoke: Renounce Religion |     1 |       ||     1
    Use: Potion            |     3 |       ||     3
         Scroll            |     5 |     1 ||     6
 Armour: Robe              |     3 |     1 ||     4
  Dodge: Dodged            |     5 |     3 ||     8
